 Dungeon Crawl Stone Soup version 0.19.5 (webtiles) character file.

672 JeffiDaFish the Shield-Bearer (level 7, -3/44 HPs)
             Began as a Gargoyle Fighter on Apr 4, 2017.
             Slain by an ogre
             ... wielding a +0 giant club
              (10 damage)
             ... on level 4 of the Dungeon.
             The game lasted 00:10:32 (3517 turns).

JeffiDaFish the Shield-Bearer (Gargoyle Fighter)    Turns: 3517, Time: 00:10:33

Health: -3/44      AC: 17    Str: 24    XL:     7   Next: 59%
Magic:  7/7        EV:  6    Int:  9    God:
Gold:   133        SH: 10    Dex: 11    Spells: 0 memorised, 6 levels left

rFire  + . .     SeeInvis .     a - +1 flail
rCold  . . .     Gourm    .     e - +0 chain mail
rNeg   + . .     Faith    .     c - +0 shield
rPois  ∞         Spirit   .     b - +0 helmet
rElec  +         Reflect  .     i - +0 cloak
rCorr  +         Harm     .     (no gloves)
MR     .....                    (no boots)
Stlth  ..........               (no amulet)
                                h - ring of protection from fire
                                g - ring of resist corrosion

@: mighty
A: negative energy resistance 1, electricity resistance, unbreathing,
petrification resistance, rot immunity, AC +4
a: no special abilities


You were on level 4 of the Dungeon.
You were not hungry.

You visited 1 branch of the dungeon, and saw 4 of its levels.

You collected 133 gold pieces.

Inventory:

Hand Weapons
 a - a +1 flail (weapon)
 l - a +3 flail
Armour
 b - a +0 helmet (worn)
 c - a +0 shield (worn)
 e - a +0 chain mail (worn)
 i - a +0 cloak (worn)
Jewellery
 g - a ring of resist corrosion (left hand)
 h - a ring of protection from fire (right hand)
Scrolls
 k - a scroll of recharging
 o - a scroll of identify
Potions
 d - 2 potions of might
Comestibles
 f - 5 bread rations
 m - 2 meat rations
 n - 2 slices of pizza


   Skills:
 + Level 4.6 Fighting
 + Level 5.3 Maces & Flails
 + Level 4.8 Armour
 + Level 1.2 Dodging
 + Level 5.4 Shields


You had 6 spell levels left.
You didn't know any spells.

Dungeon Overview and Level Annotations

Branches:
Dungeon (4/15)
 Temple: D:4-7

Altars:
Qazlal
Uskayaw

Annotations:
D:4 Natasha


Innate Abilities, Weirdness & Mutations

You are resistant to torment.
Your stone body is resilient. (AC +4)
You are immune to poison.
You resist negative energy. (rN+)
You are resistant to electric shocks. (rElec)
You can survive without breathing.
You are immune to petrification.
You are immune to rotting.


Message History

The ogre is moderately wounded.
The ogre hits you with a giant club!!
Your chain mail prevents you from hitting the ogre.
The ogre is moderately wounded.
The ogre barely misses you.
Your chain mail prevents you from hitting the ogre.
The ogre is moderately wounded.
You block the ogre's attack.
Your shield and chain mail prevent you from hitting the ogre.
The ogre is moderately wounded.
The ogre hits you with a giant club!
* * * LOW HITPOINT WARNING * * *
You are too injured to fight recklessly!
You feel very mighty all of a sudden.
The shadow imp grins evilly.
You block the ogre's attack.
You sock the ogre!
The ogre is severely wounded.
The ogre hits you with a giant club!
You die...

#..§§≈>§§§≈..##
#.≈.≈§⌠.≈≈≈..##
##...≈≈≈§≈§.....
##....≈≈≈≈≈≈...#.
#....≈≈≈≈§≈§.§...
#.#.....≈≈§§§....
##.#.....≈..§§§)..
#..####.###)###<).
#@## #.# #.####).
#O# .# #.......
.....[.55...<.#
#####...
...............
.......
...O..........#
#####..
..............#
##.
.[............# ##
h.............#
..............#


You could see an ogre and 2 shadow imps.

Vanquished Creatures
  Duvessa (D:4)
  An ogre (D:4)
  Dowan (D:4)
  4 orc priests
  3 orc wizards
  Jessica (D:2)
  Natasha (twice) (D:4)
  A worker ant (D:4)
  A hound skeleton (D:4)
  4 adders
  2 dart slugs
  A leopard gecko (D:3)
  16 orcs
  5 bats
  3 giant cockroaches
  6 goblins
  4 hobgoblins
  7 jackals (D:3)
  2 ball pythons
  8 frilled lizards
  5 kobolds
  9 rats
87 creatures vanquished.

Notes
Turn   | Place    | Note
-------+----------+-------------------------------------------
     0 | D:1      | JeffiDaFish the Gargoyle Fighter began the quest for the Orb.
     0 | D:1      | Reached XP level 1. HP: 14/14 MP: 1/1
   157 | D:1      | Reached XP level 2. HP: 17/19 MP: 2/2
   792 | D:2      | Reached XP level 3. HP: 12/23 MP: 3/3
  1160 | D:2      | Noticed Jessica
  1173 | D:2      | Killed Jessica
  1173 | D:2      | Reached XP level 4. HP: 26/29 MP: 4/4
  2005 | D:3      | Reached XP level 5. HP: 31/33 MP: 5/5
  2114 | D:3      | Reached skill level 1 in Dodging
  2398 | D:3      | Reached XP level 6. HP: 12/38 MP: 6/6
  2912 | D:4      | Found a stormy altar of Qazlal.
  2981 | D:4      | Found a hide-covered altar of Uskayaw.
  3175 | D:4      | Noticed Duvessa
  3175 | D:4      | Noticed Dowan
  3187 | D:4      | Killed Dowan
  3187 | D:4      | Reached skill level 5 in Shields
  3187 | D:4      | Reached XP level 7. HP: 43/43 MP: 7/7
  3237 | D:4      | Killed Duvessa
  3237 | D:4      | Reached skill level 5 in Maces & Flails
  3426 | D:4      | Noticed Natasha
  3438 | D:4      | Killed Natasha
  3453 | D:4      | Noticed Natasha
  3491 | D:4      | Killed Natasha
  3498 | D:4      | Noticed Natasha
  3517 | D:4      | Slain by an ogre

Skill      XL: |  1  2  3  4  5  6  7 |
---------------+----------------------+-----
Shields        | 4 5 |  5.4
Armour         | 4 |  4.8
Fighting       | 4 |  4.6
Maces & Flails | 3 4 5 |  5.3
Dodging        | 1 |  1.2

Action                   |  1- 3 |  4- 6 |  7- 9 || total
-------------------------+-------+-------+-------++-------
Melee: Flail             |   103 |   214 |    66 ||   383
  Use: Potion            |     5 |     1 |     2 ||     8
       Scroll            |     5 |     4 |       ||     9
 Stab: Invisible         |     1 |       |       ||     1
  Eat: Chunk             |     1 |     7 |     1 ||     9
Armor: Chain mail        |    70 |   142 |    56 ||   268
Dodge: Dodged            |    26 |    42 |    22 ||    90
Block: Shield            |    56 |   125 |    38 ||   219
